 Dungeon Sprint DCSS version 0.30-a0-634-g8abc85282e (webtiles) character file.

Game seed: 8337342148748668535

7650 mhtbhm the Brawler (level 10, -14/138 (139) HPs)
             Began as a Troll Transmuter on Jan 14, 2023.
             Was an Initiate of Gozag.
             Demolished by Donald
             ... wielding a +2 war axe of holy wrath
              (20 damage)
             ... in the Dungeon (Sprint III: "The Ten Rune Challenge").
             The game lasted 00:05:43 (1453 turns).

mhtbhm the Brawler (Troll Transmuter)               Turns: 1453, Time: 00:05:44

HP:   -14/138 (139) AC:  5    Str: 24    XL:     10   Next: 99%
MP:   21/21         EV: 11    Int:  9    God:    Gozag
Gold: 4821          SH:  0    Dex: 10    Spells: 15/25 levels left

rFire   . . .      SeeInvis .      - Unarmed
rCold   . . .      Faith    .    (no shield)
rNeg    . . .      Spirit   .    a - +0 robe
rPois   .          Reflect  .    (helmet restricted)
rElec   .          Harm     .    d - +0 cloak
rCorr   .          Rampage  .    (gloves unavailable)
Will    .....      NoTele   +    (boots unavailable) Stlth
                                 (no amulet)
HPRegen 1.23/turn                (no ring)
MPRegen 0.17/turn                (no ring)

@: berserking (expiring), hasted, lightly drained, very quick
A: large, unfitting armour, claws 3, regeneration 1, shaggy fur 1, tough skin 1
a: Renounce Religion, Potion Petition, Call Merchant, Bribe Branch


You were in the Dungeon.
You worshipped Gozag.
Gozag was most pleased with you.
You visited 1 branch You collected 5350 gold pieces.
You paid 529 gold pieces to Gozag.

Inventory:

Armour
 a - a +0 robe (worn)
 d - a +0 cloak (worn)
Wands
 o - a wand of paralysis (2)
Scrolls
 i - 2 scrolls of immolation {unknown}
 j - 2 scrolls of identify
 l - a scroll of amnesia {unknown}
Potions
 b - a potion of lignification
 c - a potion of curing
 f - 2 potions of magic
 k - 4 potions of flight
 m - 6 potions of mutation
Miscellaneous
 g - a box of beasts (inert)


   Skills:
 + Level 4.2 Fighting
 + Level 6.4 Dodging
 + Level 2.0 Stealth
 + Level 17.7 Unarmed Combat
 + Level 8.0 Spellcasting
 + Level 9.2 Transmutations
 + Level 3.5 Ice Magic
 + Level 1.9 Poison Magic
 + Level 1.8 Evocations


You had 15 spell levels left.
You knew the following spells:

 Your Spells              Type           Power      Damage    Failure   Level
a - Beastly Appendage     Tmut           40%        N/A       1%          1
b - Wereblood             Tmut           20%        N/A       1%          2
c - Spider Form           Tmut/Pois      13%        N/A       5%          3
d - Ice Form              Ice/Tmut       15%        N/A       13%         4

Your spell library contained the following spells:

 Spells                   Type           Power      Damage    Failure   Level
 Eringya's Noxious Bog    Tmut/Pois      6%         N/A       95%         6
 Summon Forest            Summ/Tloc      1%         N/A       99%         5
 Summon Hydra             Summ           1%         N/A       100%        7


Dungeon Overview and Level Annotations

Branches:
Dungeon (1/1)

Altars:
Cheibriados
Dithmenos
Elyvilon
Fedhas
Gozag
Hepliaklqana
Kikubaaqudgha
Makhleb
Nemelex Xobeh
Okawaru
Qazlal
Ru
Sif Muna
Trog
Uskayaw
Vehumet
Wu Jian
Xom
Yredelemnul
Zin
The Shining One
Jiyva
Lugonu

Shops:
D :

Annotations:
D Donald, Frances


Innate Abilities, Weirdness & Mutations

You are too large for most types of armour.
You have claws for hands.
Your natural rate of healing is unusually fast.
You are covered in fur. (AC +1)
You have tough skin. (AC +1)


Message History

Donald no longer looks unusually strong.
You warm up again.
Your +0 cloak unmelds from your body.
Your +0 robe unmelds from your body.
You feel yourself slow down.
Okay, then.
Okay, then. [a] - 529 gold - haste, heal wounds, curing and berserk rage [b] - 276 gold - brilliance and magic [c] - 525 gold - heal wounds, curing, lignification, might and resistance Purchase which effect?
You feel yourself speed up.
You feel much better.
You feel better.
A red film seems to cover your vision as you go berserk!
You feel yourself moving faster!
You feel mighty!
Donald casts a spell.
Donald seems to grow stronger.
You feel a strong urge to attack something.
Donald hits you with a +2 war axe of holy wrath!!
Donald blocks your attack.
Donald hits you with a +2 war axe of holy wrath!!
Donald blocks your attack.
You mangle Donald!!
Donald is lightly wounded.
Donald hits you with a +2 war axe of holy wrath!!!
* * * LOW HITPOINT WARNING * * *
Donald blocks your attack. x2
Donald is lightly wounded.
Donald hits you with a +2 war axe of holy wrath!!!
* * * LOW HITPOINT WARNING * * *
Donald blocks your attack.
Donald is lightly wounded.
Donald blocks your attack.
Donald is lightly wounded.
Donald is no longer moving quickly.
Donald casts a spell.
Donald seems to speed up.
You scratch Donald.
Donald is moderately wounded.
Donald hits you with a +2 war axe of holy wrath!!
You die...
Your body crumbles into a pile of gold.

▓.....#....~♣♣♣♣♣.###'#'#
▓.....#...~~...♣♣.#......
▓.....#).~~~~.♣♣♣.'.⌠....
▓####'#..~≈≈~~~...#...###
▓(.)..#.~~≈~~~....#.⌠.#__
▓.....#.~≈~~~.....#...#__
▓.....#.~~~.......#'###__
▓'#####...........#.):#__
▓.......@@........#___#__
▓▓▓▓▓▓▓▓▓▓▓▓▓▓▓▓▓▓▓▓▓▓▓▓▓
+≈≈§§≈§≈~~♣♣.....♣♣♣
#~§§≈§§.≈~♣♣.≈≈≈≈'♣♣
#~~§§§§.≈.~'.....#.~
#~≈~§~≈≈~.♣♣♣♣♣♣♣#..
$#.~≈§~§~~~♣ ###
####+###### ♣♣♣♣ ♣...


You could see Donald (fast, strong, reflecting).

Vanquished Creatures
  Erolcha (D)
  An orc high priest (D)
  A lindwurm (D)
  A deep elf pyromancer (D)
  An orc sorcerer (D)
  2 cane toads (D)
  A rime drake (D)
  A komodo dragon (D)
  2 tyrant leeches (D)
  5 blink frogs (D)
  A shadow (D)
  4 redbacks (D)
  A spatial vortex (D)
  A swamp drake (D)
  5 two-headed ogres (D)
  3 wandering mushrooms (D)
  A water elemental (D)
  A necrophage (D)
  A jelly (D)
  Crazy Yiuf (D)
  2 orc priests (D)
  A wizard (D)
  Jessica (D)
  A necromancer (D)
  7 orc wizards (D)
  3 humans (D)
  A kobold demonologist (D)
  7 orcs (D)
  2 endoplasms (D)
60 creatures vanquished.

Notes
Turn   | Place    | Note
-------+----------+-------------------------------------------
     0 | D        | mhtbhm the Troll Transmuter began the quest for the Orb.
     0 | D        | Reached XP level 1. HP: 18/18 MP: 1/1
    16 | D        | Noticed Jessica
    18 | D        | Killed Jessica
    19 | D        | Reached skill level 5 in Unarmed Combat
    19 | D        | Reached XP level 2. HP: 26/26 MP: 1/3
    19 | D        | Reached XP level 3. HP: 32/32 MP: 1/4
    59 | D        | Learned a level 2 spell: Wereblood
    82 | D        | Reached skill level 6 in Unarmed Combat
   106 | D        | Noticed Crazy Yiuf
   113 | D        | Killed Crazy Yiuf
   114 | D        | Reached skill level 1 in Fighting
   114 | D        | Reached XP level 4. HP: 35/41 MP: 2/6
   160 | D        | Noticed a water elemental
   167 | D        | Killed a water elemental
   168 | D        | Reached skill level 7 in Unarmed Combat
   212 | D        | Learned a level 3 spell: Spider Form
   222 | D        | Reached skill level 8 in Unarmed Combat
   222 | D        | Reached XP level 5. HP: 48/48 MP: 4/8
   222 | D        | Noticed a shadow
   226 | D        | Killed a shadow
   227 | D        | Reached skill level 9 in Unarmed Combat
   227 | D        | Reached XP level 6. HP: 33/55 MP: 5/10
   233 | D        | Found a blossoming altar of Fedhas.
   233 | D        | Found a stormy altar of Qazlal.
   233 | D        | Noticed a spatial vortex
   234 | D        | Found a snail-covered altar of Cheibriados.
   234 | D        | Found a burning altar of Makhleb.
   234 | D        | Found a hazy altar of Hepliaklqana.
   234 | D        | Found a shimmering altar of Xom.
   234 | D        | Found an opulent altar of Gozag.
   234 | D        | Found a sparkling altar of Nemelex Xobeh.
   234 | D        | Found a corrupted altar of Lugonu.
   234 | D        | Found a viscous altar of Jiyva.
   419 | D        | Killed a spatial vortex
   420 | D        | Reached skill level 10 in Unarmed Combat
   423 | D        | Became a worshipper of Gozag Ym Sagoz the Greedy
   453 | D        | Learned a level 4 spell: Ice Form
   455 | D        | Found a shadowy altar of Dithmenos.
   462 | D        | Reached skill level 5 in Transmutations
   462 | D        | Found a basalt altar of Yredelemnul.
   462 | D        | Found a sacrificial altar of Ru.
   465 | D        | Reached skill level 11 in Unarmed Combat
   465 | D        | Reached XP level 7. HP: 63/63 MP: 5/12
   469 | D        | Found a hide-covered altar of Uskayaw.
   469 | D        | Found an iron altar of Okawaru.
   470 | D        | Found a bloodstained altar of Trog.
   470 | D        | Found an ornate altar of the Wu Jian Council.
   470 | D        | Noticed a human
   470 | D        | Noticed a human
   476 | D        | Killed a human
   480 | D        | Killed a human
   481 | D        | Reached skill level 5 in Spellcasting
   559 | D        | Found a radiant altar of Vehumet.
   559 | D        | Found a shimmering blue altar of Sif Muna.
   559 | D        | Found an ancient bone altar of Kikubaaqudgha.
   562 | D        | Noticed a soul eater
   568 | D        | Reached skill level 12 in Unarmed Combat
   647 | D        | Found a glowing silver altar of Zin.
   648 | D        | Found a glowing golden altar of the Shining One.
   648 | D        | Found a white marble altar of Elyvilon.
   648 | D        | Noticed a deep elf pyromancer
   652 | D        | Killed a deep elf pyromancer
   653 | D        | Reached XP level 8. HP: 41/72 MP: 8/15
   707 | D        | Reached skill level 13 in Unarmed Combat
   707 | D        | Reached skill level 1 in Poison Magic
   827 | D        | Noticed a two-headed ogre
   832 | D        | Killed a two-headed ogre
   833 | D        | Reached skill level 1 in Ice Magic
   838 | D        | Noticed a two-headed ogre
   838 | D        | Noticed Erolcha
   843 | D        | Killed Erolcha
   844 | D        | Reached skill level 5 in Dodging
   844 | D        | Reached skill level 1 in Stealth
   844 | D        | Reached skill level 14 in Unarmed Combat
   844 | D        | Reached skill level 1 in Evocations
   844 | D        | Reached XP level 9. HP: 70/80 MP: 12/17
   848 | D        | Killed a two-headed ogre
   898 | D        | Noticed a wandering mushroom
   904 | D        | Noticed a wandering mushroom
   906 | D        | Noticed a wandering mushroom
   950 | D        | Reached skill level 15 in Unarmed Combat
   957 | D        | Noticed a cane toad
   957 | D        | Noticed a komodo dragon
   957 | D        | Noticed a cane toad
   959 | D        | Killed a komodo dragon
   960 | D        | Killed a cane toad
   965 | D        | Killed a cane toad
   966 | D        | Reached XP level 10. HP: 91/91 MP: 11/19
   996 | D        | Reached skill level 16 in Unarmed Combat
  1015 | D        | Noticed a lindwurm
  1020 | D        | Killed a lindwurm
  1140 | D        | Reached skill level 17 in Unarmed Combat
  1219 | D        | Found Hiera's Book Emporium.
  1219 | D        | Noticed an orc high priest
  1221 | D        | Noticed an orc sorcerer
  1234 | D        | Killed an orc high priest
  1242 | D        | Killed an orc sorcerer
  1392 | D        | Noticed Donald
  1392 | D        | Noticed Frances
  1450 | D        | HP: 5/138 [Donald/+2 war axe of holy wrath (36)]
  1453 | D        | Demolished by Donald

Illustrated notes

Levels and vault maps discovered:
D:        dungeon_sprint_mu [sprint_mu_entry_forest, sprint_mu_temple_rooms,
          sprint_mu_d1_spiders, sprint_mu_d2_genie, sprint_mu_d3_branching,
          sprint_mu_orc_legion, sprint_mu_elf_gauntlet, sprint_mu_hive_nellie,
          sprint_mu_lair_fedhas, sprint_mu_vaults_butterflies,
          sprint_mu_slime_circle, sprint_mu_shoals_kraken,
          sprint_mu_snake_twists, sprint_mu_blade_basic,
          sprint_mu_crypt_fortress, sprint_mu_tomb_spiral,
          sprint_mu_vestibule_basic, sprint_mu_gehenna_hellfire,
          sprint_mu_dis_giant, sprint_mu_tartarus_statrot,
          sprint_mu_cocytus_islands, sprint_mu_zot1]

Skill      XL: |  1  2  3  4  5  6  7  8  9 10 |
---------------+-------------------------------+-----
Dodging        | 2 3 4 5 6 |  6.4
Unarmed Combat | 5 6 8 9 11 12 14 15 17 | 17.7
Transmutations | 2 3 4 5 6 7 8 9 |  9.2
Spellcasting   | 2 3 4 5 6 7 8 |  8.0
Fighting       | 1 2 3 4 |  4.2
Poison Magic   | 1 |  1.9
Ice Magic      | 1 2 3 |  3.5
Stealth        | 1 2 |  2.0
Evocations     | 1 |  1.8

Action                   |  1- 3 |  4- 6 |  7- 9 | 10-12 || total
-------------------------+-------+-------+-------+-------++-------
Melee: Unarmed           |    20 |    25 |    71 |    80 ||   196
       Headbutt          |     2 |     3 |       |       ||     5
       Kick              |       |     5 |       |       ||     5
       Punch             |       |       |       |     1 ||     1
 Cast: Wereblood         |     2 |     4 |     6 |     4 ||    16
       Beastly Appendage |     1 |     4 |       |       ||     5
       Spider Form       |       |     1 |     2 |       ||     3
       Ice Form          |       |       |     5 |     4 ||     9
Invok: Potion Petition   |       |       |       |     1 ||     1
Evoke: Wand              |       |       |     2 |       ||     2
       Box of beasts     |       |       |     1 |     2 ||     3
  Use: Potion            |     1 |     1 |     1 |     2 ||     5
       Scroll            |       |       |       |     1 ||     1
 Stab: Distracted        |       |       |       |     1 ||     1
Armor: Robe              |     3 |     1 |       |     4 ||     8
       Skin              |       |       |     2 |    20 ||    22
Dodge: Dodged            |     3 |     8 |    34 |    27 ||    72

Table legend: (Time is in decaauts)
 A = Elapsed time spent in this place.
 B = Non-inter-level travel time spent in this place.
 C = Inter-level travel time spent in this place.
 D = Time resting spent in this place.
 E = Time spent auto-exploring this place.
 F = Levels seen in this place.
 G = Mean time per level.
                   A        B        C        D        E       F      G
               +--------+--------+--------+--------+--------+-----+--------+
         Total |   1394 |   1394 |      0 |    594 |      1 |   1 | 1394.0 |
       Dungeon |   1394 |   1394 |      0 |    594 |      1 |   1 | 1394.0 |
               +--------+--------+--------+--------+--------+-----+--------+

Top non-repeatable levels by time:
       D: 1394 daAuts
